 Dungeon Crawl Stone Soup version 0.19.5 (webtiles) character file.

19212 Jerry the Basher (level 13, 0/106 HPs)
             Began as a Human Chaos Knight on May 24, 2017.
             Slain by a blink frog (7 damage)
             ... on level 2 of the Lair of Beasts.
             The game lasted 00:56:53 (18011 turns).

Jerry the Basher (Human Chaos Knight)              Turns: 18011, Time: 00:56:54

Health: 0/106      AC: 26    Str: 18    XL:     13   Next: 2%
Magic:  13/13      EV:  3    Int: 13    God:    Xom [*.....]
Gold:   1000       SH:  0    Dex: 12    Spells: 2 memorised, 8 levels left

rFire  + . .     SeeInvis +     Q - +2 eveningstar (freeze)
rCold  + . .     Gourm    .     Z - +2 gold dragon scales
rNeg   . . .     Faith    .     (no shield)
rPois  +         Spirit   .     t - +1 helmet
rElec  .         Reflect  .     e - +1 cloak
rCorr  .         Harm     .     D - +0 pair of gloves
MR     .....                    (no boots)
Stlth  ..........               q - amulet of rage
                                E - ring of see invisible
                                (no ring)

@: no status effects
A: no striking features
a: Renounce Religion, Evoke Berserk Rage


You were on level 2 of the Lair of Beasts.
You worshipped Xom.
You were a special plaything of Xom.
You were hungry.

You visited 3 branches of the dungeon, and saw 14 of its levels.

You collected 1345 gold pieces.
You spent 345 gold pieces at shops.

Inventory:

Hand Weapons
 G - a +0 whip of flaming
 K - a +0 antimagic whip
 M - a +1 flail of holy wrath
 Q - a +2 eveningstar of freezing (weapon)
 W - the +9 hand crossbow "Neubipn" {velocity, Dex+4}
   (You found it on level 1 of the Lair of Beasts)

   Any bolt fired from it inflicts extra damage.
   It affects your dexterity (+4).
Armour
 e - a +1 cloak (worn)
 r - a +0 buckler
 t - a +1 helmet (worn)
 D - a +0 pair of gloves (worn)
 Z - +2 gold dragon scales (worn)
Jewellery
 m - an uncursed ring of flight
 q - an amulet of rage (around neck)
 E - a ring of see invisible (right hand)
Wands
 u - a wand of slowing (21/48)
 I - a wand of slowing (21/48)
 N - a wand of paralysis (10/24)
 R - a wand of disintegration (11/24)
 U - a wand of confusion (19/48)
 V - a wand of acid (9/15)
 Y - a wand of confusion (18/48)
Scrolls
 d - 2 scrolls of magic mapping
 h - 9 scrolls of remove curse
 o - 3 scrolls of recharging
 v - 4 scrolls of fear
 w - a scroll of fog
 y - a scroll of immolation
 z - 3 scrolls of identify
 A - 2 scrolls of noise
 B - 10 scrolls of teleportation
 H - 4 scrolls of amnesia
 X - a scroll of enchant weapon {unknown}
Potions
 i - 7 potions of curing
 l - 3 potions of berserk rage
 n - 2 potions of lignification
 p - 3 potions of cancellation
 s - 2 potions of degeneration
 x - 4 potions of brilliance
 C - a potion of resistance
 J - 2 potions of might
 O - a potion of haste
 S - a potion of magic
Books
 b - Xom's Tome of the Fifty Ships
   (Xom gifted it to you on level 2 of the Dungeon)

   Spells                             Type                      Level
   a - Animate Skeleton               Necromancy                   1
   b - Pain                           Necromancy                   1
   c - Malign Gateway                 Summoning/Translocation      7
   d - Dragon's Call                  Summoning                    9
 L - a book of Misfortune

   Spells                             Type                      Level
   a - Confusing Touch                Hexes                        1
   b - Confuse                        Hexes                        3
   c - Gell's Gravitas                Hexes/Translocation          3
   d - Petrify                        Transmutation/Earth          4
   e - Metabolic Englaciation         Hexes/Ice                    5
   f - Yara's Violent Unravelling     Hexes/Transmutation          5
 T - a book of Battle

   Spells                             Type                      Level
   a - Infusion                       Charms                       1
   b - Shroud of Golubria             Charms/Translocation         2
   c - Song of Slaying                Charms                       2
   d - Spectral Weapon                Hexes/Charms                 3
   e - Regeneration                   Charms/Necromancy            3
Comestibles
 a - 3 beef jerkies
 c - 8 bread rations
 f - 7 meat rations
 g - 4 fruits
 k - 11 slices of pizza
 P - 12 royal jellies


   Skills:
 + Level 11.2 Fighting
 * Level 13.1 Maces & Flails
 + Level 11.0 Armour
 - Level 1.0 Dodging
 - Level 3.7 Stealth
 + Level 1.4 Shields


You had 8 spell levels left.
You knew the following spells:

 Your Spells              Type           Power        Failure   Level  Hunger
a - Animate Skeleton      Necr           N/A          100%        1    ##.....
b - Regeneration          Chrm/Necr      #.........   100%        3    ####...


Dungeon Overview and Level Annotations

Branches:
Dungeon (11/15)            Temple (1/1) D:6            Lair (2/6) D:11
    Orc (0/2) D:9
  Swamp: Lair:2-4    Shoals: Lair:2-4     Snake: Lair:2-4    Spider: Lair:2-4

Altars:
Ashenzari
Dithmenos
Elyvilon
Fedhas
Kikubaaqudgha
Okawaru
Qazlal
Sif Muna
Uskayaw
Xom
Yredelemnul
Zin

Shops:
D:6 [*=?   D:9 }

Annotations:
D:6 Schimscham's ghost, novice HuIE


Message History

You feel much better. The blink frog hits you.
* * * LOW HITPOINT WARNING * * *
You puncture the blink frog! You freeze the blink frog.
The blink frog is moderately wounded.
The blink frog blinks! x2
You start resting.
The blink frog barely misses you.
You sock the blink frog! You freeze the blink frog.
The blink frog is heavily wounded.
The blink frog hits you!
* * * LOW HITPOINT WARNING * * *
You puncture the blink frog! You freeze the blink frog.
The blink frog is severely wounded.
The blink frog hits you.
* * * LOW HITPOINT WARNING * * *
Xom is amused.
You barely miss the blink frog.
The blink frog is severely wounded.
The blink frog hits you!
You die...
Xom howls with laughter!

#. #.P##.#.......##....
#..#...._......### ...
.............### ..
#......_†## ### ..#........#
##.## ....._.....†# ##...#
..._........## ##....#####
...........FF#####.........#
..........._#@...#...###+.####
.#.._.......#._..............#
...._.......#####....#.......P
.######.#............#....>...
##.............'.......P
#.............##+......
P#......................
........................
......................#P


You could see 2 blink frogs.

Vanquished Creatures
  A ghost crab (D:10)
  Urug (D:10)
  Pikel (D:8)
  2 unseen horrors (D:11)
  4 hill giants
  An oklob plant (D:11)
  A cyclops (D:11)
  2 centaur zombies (D:10)
  Psyche (D:8)
  Joseph (D:9)
  3 spiny frogs
  The ghost of Gitz the Ducker, an amateur TrFi (D:4)
  A meliai (D:8)
  2 hornets
  2 hippogriffs
  A troll (D:9)
  A two-headed ogre (D:11)
  7 blink frogs (Lair:2)
  Prince Ribbit (D:9)
  A dream sheep (shapeshifter) (D:10)
  A human (D:9)
  10 yaks
  A hungry ghost (D:9)
  A mottled dragon (D:11)
  Edmund (D:6)
  2 porcupines
  5 water moccasins
  2 black bears
  3 orc warriors
  2 sky beasts (D:5)
  An ice beast (D:9)
  2 phantoms
  4 centaurs
  5 ogres
  3 wolves (Lair:1)
  5 crocodiles
  4 big kobolds (D:9)
  4 bullfrogs
  3 gnoll sergeants (D:9)
  3 scorpions
  14 killer bees
  3 wights (D:10)
  5 howler monkeys
  3 crimson imps
  4 jellies
  2 bullfrog skeletons
  7 hounds
  4 orc priests
  Crazy Yiuf (D:2)
  6 orc wizards
  Jessica (D:2)
  3 iguanas
  7 worker ants
  A killer bee zombie (D:5)
  A hound zombie (D:6)
  A worker ant zombie (D:5)
  Robin (D:2)
  2 howler monkey skeletons
  14 adders
  7 gnolls
  A river rat (D:7)
  2 shadow imps
  2 oozes
  3 adder skeletons
  2 worms
  3 dart slugs
  5 leopard geckos
  34 orcs
  10 bats
  5 giant cockroaches
  17 goblins
  8 hobgoblins
  14 jackals
  19 kobolds
  5 quokkas
  6 frilled lizards
  A leopard gecko zombie (D:8)
  13 rats
  2 plants (D:11)
336 creatures vanquished.

Vanquished Creatures (collateral kills)
  A troll (D:9)
  A yak (D:9)
  An orc warrior (D:7)
  A wolf (Lair:1)
  A wight (D:10)
5 creatures vanquished.

Vanquished Creatures (others)
  An orc warrior (D:11)
  2 slaves (D:8)
  A necrophage (D:8)
  A bullfrog (D:9)
  3 killer bees (D:7)
  A jelly (D:8)
  An orc priest (D:8)
  An orc wizard (D:8)
  An adder (D:8)
  A shadow imp (D:8)
  An orc (D:8)
14 creatures vanquished.

Grand Total: 355 creatures vanquished

Notes
Turn   | Place    | Note
-------+----------+-------------------------------------------
     0 | D:1      | Jerry the Human Chaos Knight began the quest for the Orb.
     0 | D:1      | Reached XP level 1. HP: 18/18 MP: 1/1
    22 | D:1      | XOM: divination: detect items
    77 | D:1      | XOM: divination: detect creatures
    91 | D:1      | XOM: cloud trail
   164 | D:1      | Reached XP level 2. HP: 24/24 MP: 2/2
   286 | D:1      | XOM: confuse monster(s)
   366 | D:1      | XOM: mild Fire miscast
   384 | D:1      | Reached XP level 3. HP: 29/29 MP: 3/3
   828 | D:2      | Found a stormy altar of Qazlal.
   861 | D:2      | XOM: cast spell 'Call Canine Familiar'
   907 | D:2      | Reached XP level 4. HP: 27/36 MP: 4/4
  1064 | D:2      | Found an ancient bone altar of Kikubaaqudgha.
  1099 | D:2      | Found a hide-covered altar of Uskayaw.
  1103 | D:2      | Noticed Jessica
  1103 | D:2      | XOM: divination: detect items
  1114 | D:2      | Killed Jessica
  1114 | D:2      | Reached skill level 4 in Maces & Flails
  1123 | D:2      | Found a stormy altar of Qazlal.
  1145 | D:2      | Found a shadowy altar of Dithmenos.
  1178 | D:2      | Found a runed door.
  1354 | D:2      | Noticed Robin
  1356 | D:2      | XOM: confuse monster(s)
  1490 | D:2      | XOM: noise
  1502 | D:2      | Reached XP level 5. HP: 42/42 MP: 5/5
  1585 | D:2      | Killed Robin
  1674 | D:2      | Found a deep blue altar of Sif Muna.
  2102 | D:2      | XOM: god gift: sparkling book {god gift}
  2102 | D:2      | Identified Xom's Tome of the Fifty Ships (Xom gifted it to you on level 2 of the Dungeon)
  2108 | D:2      | Learned a level 1 spell: Animate Skeleton
  2177 | D:2      | Noticed Crazy Yiuf
  2182 | D:2      | Killed Crazy Yiuf
  2229 | D:3      | XOM: silly message
  2376 | D:3      | Reached XP level 6. HP: 37/48 MP: 6/6
  2660 | D:3      | Found a basalt altar of Yredelemnul.
  2682 | D:4      | Noticed Gitz's ghost (amateur TrFi)
  2704 | D:4      | XOM: summons 2 friendly demons
  2725 | D:4      | XOM: potion effect (brilliance)
  3087 | D:4      | XOM: cast spell 'Spider Form'
  3088 | D:4      | Reached skill level 5 in Maces & Flails
  3142 | D:4      | XOM: enchant monster (good)
  3150 | D:4      | XOM: cast spell 'Alistair's Intoxication'
  3150 | D:4      | HP: 1/49 [Gitz's ghost (10)]
  3159 | D:4      | XOM: fog
  3165 | D:4      | HP: 2/73 [Gitz's ghost (3)]
  3167 | D:4      | Killed Gitz's ghost
  3167 | D:4      | Reached skill level 5 in Fighting
  3167 | D:4      | Reached XP level 7. HP: 2/56 MP: 7/7
  3618 | D:4      | XOM: blink monster(s)
  3754 | D:4      | XOM: cloud trail
  3811 | D:5      | Entered Level 5 of the Dungeon
  4258 | D:5      | Reached XP level 8. HP: 58/63 MP: 8/8
  4264 | D:5      | Found a glowing silver altar of Zin.
  4307 | D:5      | Noticed a hornet
  4310 | D:5      | XOM: potion effect (might)
  4310 | D:5      | Paralysed by a hornet for 1 turns
  4311 | D:5      | Killed a hornet
  4311 | D:5      | Reached skill level 6 in Maces & Flails
  4311 | D:5      | Reached skill level 5 in Armour
  4475 | D:5      | XOM: potion effect (agility)
  4516 | D:5      | XOM: noise
  4555 | D:5      | XOM: scenery: create altars
  4677 | D:5      | XOM: summons 5 friendly demons
  4851 | D:6      | Found a staircase to the Ecumenical Temple.
  4862 | D:6      | Found Udagegh's Jewellery Boutique.
  4869 | D:6      | Bought an uncursed ring of poison resistance for 260 gold pieces
  5107 | D:6      | Found Copnonug's Magic Scroll Boutique.
  5117 | D:6      | Bought a scroll of magic mapping for 35 gold pieces
  5117 | D:6      | Bought a scroll of teleportation for 30 gold pieces
  5117 | D:6      | Bought a scroll of identify for 20 gold pieces
  5186 | D:6      | Found a blossoming altar of Fedhas.
  5225 | D:6      | Found Kuseyrch's Antique Armour Shoppe.
  5246 | D:6      | Found a white marble altar of Elyvilon.
  5273 | D:6      | Reached XP level 9. HP: 70/71 MP: 9/9
  5284 | D:6      | Noticed Edmund
  5293 | D:6      | Killed Edmund
  5293 | D:6      | Reached skill level 7 in Maces & Flails
  5328 | D:6      | Noticed Schimscham's ghost (novice HuIE)
  5835 | D:5      | XOM: scenery: create altars
  6396 | D:6      | Found Gilo's Assorted Antiques.
  6419 | D:6      | XOM: god gift: ring mail {god gift}
  6452 | D:6      | XOM: divine lightning
  6456 | Temple   | Entered the Ecumenical Temple
  6708 | D:7      | XOM: divine lightning
  6892 | D:7      | XOM is BORED!
  6892 | D:7      | XOM: medium Chrm miscast
  7161 | D:7      | XOM: polymorph killer bee -> river rat
  7188 | D:6      | HP: 2/72 [killer bee (7)]
  7194 | D:6      | HP: 1/72 [poisoned by a killer bee]
  7496 | D:6      | XOM: draining
  7519 | D:7      | XOM: polymorph killer bee -> killer bee
  8445 | D:8      | Noticed Pikel
  8454 | D:8      | XOM: harmless Chrm miscast
  8456 | D:8      | Killed Pikel
  8456 | D:8      | Reached skill level 8 in Maces & Flails
  8458 | D:8      | XOM: harmless Tloc miscast
  8498 | D:8      | XOM: medium Necr miscast
  8622 | D:8      | Reached XP level 10. HP: 79/80 MP: 10/10
  8732 | D:8      | XOM: divination: detect items
  8737 | D:8      | XOM: divination: detect items
  8740 | D:8      | XOM: cast spell 'Confusing Touch'
  8766 | D:8      | XOM: potion effect (brilliance)
  8956 | D:7      | XOM: blink monster(s)
  8970 | D:7      | XOM: harmless Necr miscast
  9048 | D:6      | XOM: repel stairs
  9077 | D:6      | XOM: noise
  9087 | D:6      | XOM: polymorph orc warrior -> ogre
  9094 | D:6      | XOM: enchant monster (bad)
  9104 | D:5      | XOM: polymorph ogre -> sky beast
  9498 | D:7      | XOM: harmless Tmut miscast
  9503 | D:7      | XOM: summons 7 friendly demons
  9608 | D:8      | Found an iron altar of Okawaru.
  9618 | D:8      | XOM: blink monster(s)
  9662 | D:8      | Noticed Psyche
  9663 | D:8      | XOM: divination: magic mapping
  9683 | D:8      | Killed Psyche
  9776 | D:8      | XOM: harmless Pois miscast
  9782 | D:8      | XOM: polymorph hippogriff -> meliai
  9790 | D:8      | Reached skill level 9 in Maces & Flails
 10834 | D:8      | XOM is BORED!
 10834 | D:8      | XOM: blink monster(s)
 11014 | D:8      | XOM: harmless Chrm miscast
 11160 | D:9      | Noticed Joseph
 11165 | D:9      | XOM: chaos upgrade
 11185 | D:9      | Noticed a hill giant
 11198 | D:9      | Killed Joseph
 11200 | D:9      | XOM: blink monster(s)
 11207 | D:9      | Killed a hill giant
 11440 | D:9      | Noticed Prince Ribbit
 11448 | D:9      | XOM: summons 2 friendly demons
 11451 | D:9      | Killed Prince Ribbit
 11515 | D:9      | Got a pitted leather armour
 11536 | D:9      | XOM: harmless Hex miscast
 11564 | D:9      | Identified the +4 leather armour of Okawaru's Hope {rN+++ MR+ Dex-4 Stlth+} (You found it on level 9 of the Dungeon)
 11868 | D:9      | XOM: swap monsters
 11913 | D:9      | XOM is BORED!
 11913 | D:9      | XOM: 1-stop teleportation journey
 11949 | D:9      | XOM: chaos upgrade
 11951 | D:9      | XOM: mild Tloc miscast
 11985 | D:9      | Reached skill level 10 in Maces & Flails
 11985 | D:9      | Reached XP level 11. HP: 79/89 MP: 11/11
 12194 | D:9      | Paralysed by a hornet for 2 turns
 12203 | D:9      | XOM: harmless Tmut miscast
 12245 | D:9      | XOM: 2-stop teleportation journey
 12336 | D:9      | XOM: summons 2 hostile demons
 12395 | D:9      | XOM: summons friendly shadow imp
 12481 | D:9      | XOM: 1-stop teleportation journey
 12529 | D:9      | XOM: summons friendly crimson imp
 12544 | D:9      | XOM: potion effect (invisibility)
 12555 | D:9      | XOM: summons 2 friendly demons
 12725 | D:9      | Found Fyvem's Gadget Boutique.
 12981 | D:9      | Reached skill level 10 in Fighting
 13043 | D:9      | Found a staircase to the Orcish Mines.
 13083 | D:9      | Reached skill level 11 in Maces & Flails
 13286 | D:9      | XOM: confuse monster(s)
 13328 | D:9      | XOM is BORED!
 13328 | D:9      | XOM: summons 2 hostile shadow creatures
 13532 | D:10     | Entered Level 10 of the Dungeon
 13533 | D:10     | Noticed a hill giant
 13539 | D:10     | Noticed a glowing shapeshifter
 13539 | D:10     | a hill giant changed into a glowing shapeshifter
 13539 | D:10     | XOM: polymorph hill giant -> glowing shapeshifter
 13540 | D:10     | Noticed a shock serpent
 13540 | D:10     | a glowing shapeshifter changed into a shock serpent
 13541 | D:10     | XOM: enchant monster (good)
 13545 | D:10     | XOM: confusion (+ monsters)
 13558 | D:10     | a shock serpent changed into a dream sheep
 13620 | D:9      | XOM: noise
 13725 | D:9      | XOM: mild Erth miscast
 13809 | D:9      | XOM: severe Necr miscast
 13858 | D:10     | XOM: enchant monster (good)
 13977 | D:10     | XOM: summons 8 friendly demons
 14133 | D:10     | Noticed Urug
 14135 | D:10     | XOM: swap monsters
 14149 | D:10     | XOM: noise
 14157 | D:10     | XOM: confuse monster(s)
 14158 | D:10     | XOM: harmless Air miscast
 14429 | D:10     | XOM: god gift: glowing dire flail {god gift}
 14697 | D:10     | Got a dazzling trident
 14698 | D:10     | Identified the cursed +3 trident of the Last Demons {pain, rF+ rC- Str+5} (You found it on level 10 of the Dungeon)
 14741 | D:10     | Noticed a hill giant
 14747 | D:10     | XOM: god gift: 11 royal jellies
 14750 | D:10     | XOM: cast spell 'Dispersal'
 14756 | D:10     | Killed Urug
 14758 | D:10     | XOM: summons friendly shadow imp
 14762 | D:10     | HP: 2/92 [hill giant/giant club (24)]
 14763 | D:10     | Killed a hill giant
 14841 | D:10     | XOM: scenery: create altars
 15206 | D:11     | Reached skill level 10 in Armour
 15267 | D:11     | Found a shattered altar of Ashenzari.
 15297 | D:11     | Noticed a hill giant
 15300 | D:11     | XOM: summons 2 friendly demons
 15304 | D:11     | Killed a hill giant
 15304 | D:11     | Reached XP level 12. HP: 72/98 MP: 12/12
 15335 | D:11     | Reached skill level 12 in Maces & Flails
 15573 | D:11     | Noticed Fannar
 15600 | D:11     | XOM: potion effect (invisibility)
 15613 | D:11     | XOM: confuse monster(s)
 15616 | D:11     | Noticed Fannar
 15616 | D:11     | Fannar changed into Fannar the ghost crab
 15616 | D:11     | XOM: polymorph Fannar -> Fannar the ghost crab
 15620 | D:11     | XOM: divine lightning (protected)
 15623 | D:11     | XOM: god gift: 410 gold pieces
 15643 | D:11     | XOM: mild Erth miscast
 15732 | D:10     | XOM: mild Fire miscast
 15823 | D:10     | Killed Fannar the ghost crab
 15823 | D:10     | Reached skill level 1 in Stealth
 15937 | D:11     | Found a staircase to the Lair.
 16145 | D:11     | Noticed an unseen horror
 16151 | D:11     | Killed an unseen horror
 16467 | D:11     | Noticed an unseen horror
 16467 | D:11     | XOM: noise
 16472 | D:11     | XOM: swap monsters
 16476 | D:11     | XOM: repel stairs
 16478 | D:11     | XOM: enchant monster (bad)
 16493 | D:11     | Killed an unseen horror
 16689 | Lair:1   | Entered Level 1 of the Lair of Beasts
 16750 | Lair:1   | XOM: enchant monster (good)
 16906 | Lair:1   | XOM: medium Divn miscast
 16994 | Lair:1   | Learned a level 3 spell: Regeneration
 17029 | Lair:1   | XOM: 1-stop teleportation journey
 17043 | Lair:1   | XOM: divination: magic mapping
 17233 | Lair:1   | Got a bloodstained hand crossbow
 17235 | Lair:1   | Identified the +9 hand crossbow "Neubipn" {velocity, Dex+4} (You found it on level 1 of the Lair of Beasts)
 17865 | Lair:2   | XOM: cast spell 'Ice Form'
 17880 | Lair:2   | XOM: cast spell 'Olgreb's Toxic Radiance'
 17889 | Lair:2   | Reached skill level 13 in Maces & Flails
 17903 | Lair:2   | XOM: cast spell 'Summon Small Mammal'
 17906 | Lair:2   | XOM: noise
 17907 | Lair:2   | Reached skill level 1 in Shields
 17955 | Lair:2   | XOM: harmless Necr miscast
 17984 | Lair:2   | XOM: scenery: create altars
 17985 | Lair:2   | XOM: enchant monster (good)
 18000 | Lair:2   | Reached XP level 13. HP: 29/106 MP: 13/13
 18005 | Lair:2   | HP: 4/106 [blink frog (5)]
 18011 | Lair:2   | Slain by a blink frog

Skill      XL: |  1  2  3  4  5  6  7  8  9 10 11 12 |
---------------+-------------------------------------+-----
Maces & Flails | 4 5 6 8 10 11 13 | 13.1
Armour         | 3 4 6 7 9 10 11 | 11.0
Fighting       | 4 5 6 8 9 10 11 | 11.2
Stealth        | 3 |  3.7
Shields        | 1 |  1.4
Dodging        | |  1.0

Action                   |  1- 3 |  4- 6 |  7- 9 | 10-12 | 13-15 || total
-------------------------+-------+-------+-------+-------+-------++-------
Melee: Mace              |    78 |    99 |       |       |       ||   177
       Quarterstaff      |       |   117 |   174 |       |       ||   291
       Unarmed           |       |     1 |       |    18 |       ||    19
       Flail             |       |       |   214 |       |       ||   214
       Whip              |       |       |    22 |   917 |       ||   939
       Eveningstar       |       |       |       |   209 |     9 ||   218
       Dire flail        |       |       |       |    24 |       ||    24
 Abil: Evoke Berserk Rag |       |     2 |     3 |    14 |       ||    19
Evoke: Wand              |       |       |       |     1 |       ||     1
  Use: Scroll            |       |     5 |       |    27 |       ||    32
       Potion            |       |       |       |     3 |     1 ||     4
 Stab: Petrified         |     6 |       |       |       |       ||     6
       Confused          |     1 |       |       |     2 |       ||     3
       Paralysed         |       |     1 |       |       |       ||     1
       Distracted        |       |       |       |     3 |       ||     3
       Invisible         |       |       |       |     4 |       ||     4
  Eat: Chunk             |       |     8 |    19 |    39 |       ||    66
       Pizza             |       |       |     1 |     1 |       ||     2
       Beef jerky        |       |       |     1 |       |       ||     1
       Royal jelly       |       |       |       |     1 |       ||     1
       Fruit             |       |       |       |     2 |       ||     2
Armor: Leather armour    |    32 |    30 |       |       |       ||    62
       Chain mail        |       |   101 |   350 |   526 |       ||   977
       Gold dragon scale |       |       |       |    31 |     6 ||    37
       Skin              |       |       |       |     5 |       ||     5
Dodge: Dodged            |    41 |    82 |   181 |   286 |     2 ||   592
